 Dungeon Crawl Stone Soup version 0.22-a0-412-g2b68d14 (webtiles) character file.

101 Borgoz the Skirmisher (level 4, 0/29 HPs)
             Began as a Gargoyle Abyssal Knight on May 12, 2018.
             Was a Believer of Lugonu.
             Slain by a river rat (3 damage)
             ... in a sewer.
             The game lasted 00:04:39 (2362 turns).

Borgoz the Skirmisher (Gargoyle Abyssal Knight)     Turns: 2362, Time: 00:04:40

Health: 0/29       AC: 17    Str: 16    XL:     4   Next: 75%
Magic:  6/6        EV:  1    Int: 12    God:    Lugonu [**....]
Gold:   177        SH:  0    Dex: 10    Spells: 3/3 levels left

rFire    + . .     SeeInvis .   a - +1 hand axe
rCold    + . .     Gourm    .   (no shield)
rNeg     + . .     Faith    .   f - +0 gold dragon scales
rPois    ∞         Spirit   .   (no helmet)
rElec    +         Reflect  .   (no cloak)
rCorr    .         Harm     .   (no gloves)
MR       .....                  (no boots)
Stlth    ..........             (no amulet)
HPRegen  0.09/turn              (no ring)
MPRegen  0.10/turn              (no ring)

@: hasted, very quick
A: negative energy resistance 1, electricity resistance, unbreathing,
petrification resistance, rot immunity, AC +3
a: Depart the Abyss, Bend Space, Renounce Religion


You were in a sewer.
You worshipped Lugonu.
Lugonu was pleased with you.
You were hungry.

You visited 1 branch of the dungeon, and saw 3 of its levels.
You visited the Abyss 1 time.
You also visited: Sewer.

You collected 177 gold pieces.

Inventory:

Hand Weapons
 a - a +1 hand axe (weapon)
Armour
 b - a +0 leather armour
 f - +0 gold dragon scales (worn)
Jewellery
 e - an uncursed ring of resist corrosion
Wands
 n - a wand of paralysis (7)
Scrolls
 d - 7 scrolls of teleportation
 j - 2 scrolls of remove curse
 m - 3 scrolls of identify
 o - a scroll of immolation
 q - 2 scrolls of enchant armour {unknown}
 r - a scroll of magic mapping {unknown}
 s - a scroll of blinking
 t - a scroll of amnesia {unknown}
Potions
 h - a potion of degeneration {unknown}
 i - 2 potions of curing {unknown}
 k - a potion of might {unknown}
 l - a potion of brilliance {unknown}
 p - a potion of resistance {unknown}
Comestibles
 c - 6 rations


   Skills:
 + Level 3.9 Fighting
 + Level 2.5 Axes
 + Level 3.0 Armour
 + Level 1.6 Dodging
 + Level 2.9 Invocations


You had 3 spell levels left.
You didn't know any spells.
Your spell library was empty.

Dungeon Overview and Level Annotations

Branches:
Dungeon (3/15)

Altars:
Fedhas
Gozag
Makhleb
Qazlal
Trog


Innate Abilities, Weirdness & Mutations

You are resistant to torment.
Your stone body is resilient. (AC +3)
You are immune to poison.
You resist negative energy. (rN+)
You are resistant to electric shocks. (rElec)
You can survive without breathing.
You are immune to petrification.
You are immune to rotting.


Message History

The adder bites you but does no damage. x2
You hit the adder.
You kill the adder!
Lugonu accepts your kill.
Your Armour skill increases to level 3!
You hear the rapid rusting of a drain nearby.
There is a glowing drain here.
The world spins around you as you enter the gateway.
You enter a sewer! 2 rats and 3 river rats come into view.
Found a gate leading back out of this place.
There is an empty arch of ancient stone here.
You are too injured to fight recklessly!
There are monsters nearby!
The river rat bites you.
* * * LOW HITPOINT WARNING * * *
You are too injured to fight recklessly!
You are too injured to fight recklessly!
It was a potion of haste.
You feel yourself speed up. The river rat bites you.
You die... ############### #..r.r.@rrr...≈ ###############

You could see 3 river rats and 2 rats.

Vanquished Creatures
  An iguana (D:3)
  An adder (D:3)
  An ooze (D:1)
  2 leopard geckos
  2 giant cockroaches (D:1)
  6 hobgoblins
  2 quokkas
  7 bats
  4 frilled lizards
  9 goblins
  7 kobolds
  24 rats
66 creatures vanquished.

Notes
Turn   | Place    | Note
-------+----------+-------------------------------------------
     0 | Abyss:1  | Borgoz the Gargoyle Abyssal Knight began the quest for the Orb.
     0 | Abyss:1  | Reached XP level 1. HP: 14/14 MP: 2/2
    32 | Abyss:1  | Noticed a soul eater
    33 | D:1      | Escaped the Abyss
   130 | D:1      | Reached * piety under Lugonu
   140 | D:1      | Reached skill level 1 in Dodging
   140 | D:1      | Reached XP level 2. HP: 18/19 MP: 3/3
   486 | D:1      | Reached XP level 3. HP: 22/23 MP: 4/4
   954 | D:2      | Reached ** piety under Lugonu
  1369 | D:2      | Reached XP level 4. HP: 29/29 MP: 5/5
  1376 | D:2      | Found a stormy altar of Qazlal.
  1376 | D:2      | Found a bloodstained altar of Trog.
  1376 | D:2      | Found an opulent altar of Gozag.
  1386 | D:2      | Found a blossoming altar of Fedhas.
  1389 | D:2      | Found a burning altar of Makhleb.
  2312 | D:3      | Found a glowing drain.
  2359 | Sewer    | Entered a sewer
  2362 | Sewer    | Slain by a river rat

Vault maps used:
D:1:      lemuel_arrival_rhombus
D:2:      minmay_overflow_temple_star_hex, minmay_rat_hole
D:3:      portal_sewer_entry_d, first_ration, kennysheep_generic_room_3
Sewer:    sewer_kobolds

Skill      XL: |  1  2  3  4 |
---------------+-------------+-----
Dodging        | 1 |  1.6
Axes           | 2 |  2.5
Armour         | 3 |  3.0
Fighting       | |  3.9
Invocations    | |  2.9

Action                   |  1- 3 |  4- 6 || total
-------------------------+-------+-------++-------
Melee: Hand axe          |   138 |    69 ||   207
Invok: Depart the Abyss  |     1 |       ||     1
  Use: Scroll            |       |     6 ||     6
       Potion            |       |     1 ||     1
  Eat: Chunk             |     2 |     2 ||     4
Armor: Leather armour    |    65 |     3 ||    68
       Gold dragon scale |       |    62 ||    62
Dodge: Dodged            |    93 |     8 ||   101

Table legend:
 A = Spawn XP
 B = Non-spawn XP
 C = Spawn XP percentage of total XP
 D = Spawn monster count
 E = Non-spawn monster count
 F = Spawn count percentage of total count
 G = Total turns spent on level
                    A         B        C        D         E        F      G
               +---------+---------+-------+---------+---------+-------+---------
         Total |       0 |     145 |   0.0 |       0 |      66 |   0.0 |  2362
               +---------+---------+-------+---------+---------+-------+---------
           D:1 |       0 |      47 |   0.0 |       0 |      27 |   0.0 |   790
           D:2 |       0 |      39 |   0.0 |       0 |      31 |   0.0 |   881
           D:3 |       0 |      59 |   0.0 |       0 |       8 |   0.0 |   655
               +---------+---------+-------+---------+---------+-------+---------
